 Dungeon Crawl Stone Soup version 0.27.1-15-g792fb953b9 (webtiles) character file.

Game seed: 8262601659988764069

282433 bearlyready the Wrestler (level 20, -5/178 HPs)
             Began as a Ghoul Warper on Nov 20, 2021.
             Was the Champion of Fedhas.
             Slain by a +2 vorpal halberd (19 damage)
             ... on level 2 of the Elven Halls.
             The game lasted 01:42:43 (52828 turns).

bearlyready the Wrestler (Ghoul Warper)            Turns: 52828, Time: 01:42:44

Health: -5/178     AC: 23    Str: 24    XL:     20   Next: 53%
Magic:  30/30      EV: 14    Int:  8    God:    Fedhas [******]
Gold:   1928       SH: 20    Dex: 20    Spells: 20/22 levels left

rFire    + + .     SeeInvis .     - Unarmed
rCold    + + +     Faith    .   L - +2 shield of Resistance {rF++ rC++ Will++}
rNeg     + + +     Spirit   .   O - +2 shadow dragon scales
rPois    ∞         Reflect  +   C - +0 helmet
rElec    .         Harm     .   h - +1 cloak {Will+}
rCorr    +         Rampage  .   p - +2 pair of gloves
Will     ++++.                  B - +0 pair of boots of Noon {+Inv rC+ rCorr Slay+3}
Stlth    +++++.....             f - amulet "Kicve" {Reflect Dex+6 SH+5}
HPRegen  0.00/turn              G - +6 ring of dexterity
MPRegen  0.22/turn              V - +4 ring of slaying

@: inhibited regen, studying Transmutations
A: claws 1, cold resistance 1, negative energy resistance 3, inhibited
regeneration, torment resistance 2
}: 2/15 runes: serpentine, barnacled
a: Renounce Religion, Evoke Invisibility, Wall of Briars, Grow Ballistomycete,
Overgrow, Grow Oklob


You were on level 2 of the Elven Halls.
You worshipped Fedhas.
Fedhas was exalted by your worship.
You visited 7 branches of the dungeon, and saw 34 of its levels.
You visited 2 bazaars.
You also visited: Gauntlet.

You collected 4164 gold pieces.
You spent 2236 gold pieces at shops.

Inventory:

Missiles
 e - 7 silver javelins
 g - 24 silver boomerangs
 x - 82 boomerangs (quivered)
 A - 29 javelins
 N - 3 curare-tipped darts
 Q - 7 boomerangs of dispersal
 R - 5 throwing nets
Armour
 h - a +1 cloak of willpower (worn)
 p - a +2 pair of gloves (worn)
 B - the +0 pair of boots of Noon (worn) {+Inv rC+ rCorr Slay+3}
   (You found it on level 5 of the Dungeon)

   Slay:      It affects your accuracy & damage with ranged weapons and melee
   (+3).
   rC:        It protects you from cold.
   +Inv:      It lets you turn invisible.
   rCorr:     It protects you from acid and corrosion.
 C - a +0 helmet (worn)
 L - the +2 shield of Resistance (worn) {rF++ rC++ Will++}
   (You found it on level 6 of the Lair of Beasts)

   rF:        It greatly protects you from fire.
   rC:        It greatly protects you from cold.
   Will:      It greatly increases your willpower.
 O - +2 shadow dragon scales (worn)
Jewellery
 f - the amulet "Kicve" (around neck) {Reflect Dex+6 SH+5}
   (You bought it in a shop on level 2 of the Orcish Mines)

   [amulet of reflection]

   It reflects blocked missile attacks.
   Dex:       It affects your dexterity (+6).
   SH:        It affects your SH (+5).
 G - a +6 ring of dexterity (left hand)
 V - a +4 ring of slaying (right hand)
 Z - a ring of see invisible
Wands
 a - a wand of flame (55)
 c - a wand of digging (4)
 o - a wand of acid (6)
 s - a wand of charming (3)
 z - a wand of paralysis (14)
 D - a wand of polymorph (22)
 X - a wand of iceblast (19)
Scrolls
 i - 2 scrolls of summoning
 l - 3 scrolls of holy word
 q - 6 scrolls of amnesia
 t - 4 scrolls of blinking
 u - a scroll of enchant weapon
 v - 17 scrolls of teleportation
 w - 8 scrolls of fog
 y - 9 scrolls of enchant armour
 H - 3 scrolls of magic mapping
 J - a scroll of brand weapon
 K - 4 scrolls of torment
 P - 8 scrolls of identify
 S - a scroll of silence
 T - a scroll of fear
 U - 4 scrolls of vulnerability
Potions
 b - 3 potions of magic
 d - 3 potions of lignification
 j - 11 potions of ambrosia
 k - 2 potions of resistance
 m - 2 potions of haste
 n - 6 potions of might
 r - 2 potions of cancellation
 E - 2 potions of brilliance
 I - 7 potions of curing
 M - 8 potions of flight
 W - 5 potions of attraction
 Y - a potion of mutation
Miscellaneous
 F - a phantom mirror


   Skills:
 + Level 15.1 Fighting
 - Level 8.0 Throwing
 - Level 7.0 Armour
 - Level 12.0 Dodging
 - Level 9.0 Stealth
 - Level 11.0 Shields
 + Level 22.0 Unarmed Combat
 - Level 1.7 Spellcasting
 - Level 3.0 Translocations
 + Level 15.1 Invocations
 - Level 8.1 Evocations


You had 20 spell levels left.
You knew the following spells:

 Your Spells              Type           Power      Damage    Failure   Level
a - Blink                 Tloc           N/A        N/A       86%         2

Your spell library contained the following spells:

 Spells                   Type           Power      Damage    Failure   Level
 Gell's Gravitas          Tloc           2%         N/A       97%         3
 Lesser Beckoning         Tloc           2%         N/A       97%         3
 Teleport Other           Tloc           5%         N/A       97%         3
 Animate Skeleton         Necr           0%         N/A       98%         1
 Foxfire                  Conj/Fire      0%         2x1d4     98%         1
 Magic Dart               Conj           0%         1d3       98%         1
 Pain                     Necr           0%         1d4       98%         1
 Call Imp                 Summ           0%         N/A       99%         2
 Ensorcelled Hibernation  Hex/Ice        0%         N/A       99%         2
 Conjure Flame            Conj/Fire      0%         6-21      100%        3
 Dazzling Flash           Conj/Hex       0%         N/A       100%        3
 Ignite Poison            Fire/Tmut/Pois 0%         N/A       100%        3
 Inner Flame              Hex/Fire       0%         N/A       100%        3
 Mephitic Cloud           Conj/Pois/Air  0%         N/A       100%        3
 Vampiric Draining        Necr           0%         2d6       100%        3
 Animate Dead             Necr           0%         N/A       100%        4
 Fulminant Prism          Conj/Hex       0%         3d6       100%        4
 Iskenderun's Mystic Bla  Conj/Tloc      3%         2d3       100%        4
 Petrify                  Tmut/Erth      0%         N/A       100%        4
 Sticky Flame             Conj/Fire      0%         2d3       100%        4
 Agony                    Necr           0%         N/A       100%        5
 Borgnjor's Vile Clutch   Necr/Erth      0%         N/A       100%        5
 Irradiate                Conj/Tmut      0%         3d13      100%        5
 Lee's Rapid Deconstruct  Erth           0%         3d5*      100%        5
 Manifold Assault         Tloc           5%         N/A       100%        5
 Silence                  Hex/Air        0%         N/A       100%        5
 Death Channel            Necr           0%         N/A       100%        6
 Shadow Creatures         Summ           N/A        N/A       100%        6
 Summon Hydra             Summ           0%         N/A       100%        7
 Sublimation of Blood     Necr           Unusable   N/A       N/A         2
 Wereblood                Tmut           Unusable   N/A       N/A         2
 Spider Form              Tmut/Pois      Unusable   N/A       N/A         3

Dungeon Overview and Level Annotations

Branches:
Dungeon (15/15)            Temple (1/1) D:4            Lair (6/6) D:11
 Shoals (4/4) Lair:4        Snake (4/4) Lair:3        Slime (0/5) Lair:5
    Orc (2/2) D:9             Elf (2/3) Orc:2        Vaults (0/5) D:13
 Depths (0/5) D:15        Gauntlet (visited)

Altars:
Ashenzari
Cheibriados
Dithmenos
Elyvilon
Fedhas
Gozag
Hepliaklqana
Kikubaaqudgha
Makhleb
Nemelex Xobeh
Okawaru
Qazlal
Ru
Sif Muna
Trog
Uskayaw
Vehumet
Wu Jian
Xom
Yredelemnul
Zin
The Shining One
Lugonu

Shops:
D:5 ?   D:6 *   Orc:2 *[??   Elf:1 ?*   Shoals:1 *

Portals:
Abyss: Lair:6


Innate Abilities, Weirdness & Mutations

You thrive by killing the living.
You are immune to poison.
You have sharp fingernails.
Your flesh is cold resistant. (rC+)
You are immune to negative energy. (rN+++)
You do not regenerate when monsters are visible.
You are immune to unholy pain and torment.


Message History

The +0 glaive of protection barely misses you.
You block the +2 vorpal halberd's attack.
You block the +0 glaive of protection's attack.
The +2 vorpal halberd hits you but does no damage.
There is an open translucent gate, spattered with blood here.
Items here: )) [ †.
You pummel the +0 glaive of protection!!
The +0 glaive of protection is severely damaged.
The +0 glaive of protection hits you but does no damage.
The +2 vorpal halberd barely misses you.
You pummel the +0 glaive of protection!!
The +0 glaive of protection falls from the air.
Fedhas accepts your kill.
The +2 vorpal halberd hits you from afar!!
The deep elf knight wields a +0 shortbow.
The deep elf knight shoots an arrow.
You reflect the arrow off an invisible shield around you!
The arrow barely misses the deep elf knight.
The +2 vorpal halberd hits you!
There is an open translucent gate, spattered with blood here.
You closely miss the +2 vorpal halberd. The +2 vorpal halberd hits you!
* * * LOW HITPOINT WARNING * * *
x2 The deep elf knight shoots an arrow.
The arrow hits you but does no damage.
You block the +2 vorpal halberd's attack.
The +2 vorpal halberd hits you from afar!
* * * LOW HITPOINT WARNING * * *
x2 You block the +2 vorpal halberd's attack.
The deep elf knight shoots an arrow.
The arrow closely misses you.
The deep elf knight mumbles some strange words.
The deep elf knight flickers and vanishes!
Deactivating autopickup; reactivate with Ctrl-A.
You block the +2 vorpal halberd's attack.
You block the +2 vorpal halberd's attack.
You block the +2 vorpal halberd's attack.
A shard of ice appears from out of thin air!
The shard of ice hits you! You partially resist.
* * * LOW HITPOINT WARNING * * *
The +2 vorpal halberd hits you from afar!!
You die...
Fedhas appreciates your contribution to the ecosystem.

.##.........## ####.##)#.#
#....
###..........###.........#
#....
#...........##...#.#.######....
#.⌠....).....#.....#)#.........
#............#...#.#)....##....
##.....){...⌠#.........#.##....
##..........#...<.#.).#.##....
##.........#......).(#(####..
##..)))...#@...)#.)##......#
##..⌠...(......#.#))))###..
############....)..)###.#.# #..
#.......)..........## ##..###..
#####..#...........# ##.#).)..#
####.##..###.......###
#.########
..#.#...............## ##.## ##
#..###...####...####.## ##.##
##. #.##
##..####.........###...###.#


You could see a +2 vorpal halberd.

Vanquished Creatures
  Vashnia (Snake:4)
  Jorgrun (Orc:1)
  Frances (Shoals:2)
  Kirke (D:12)
  A kraken (Shoals:3)
  Donald (Snake:4)
  Ilsuiw (Shoals:2)
  8 nagarajas
  3 deep elf sorcerers
  A frost giant (Shoals:4)
  Louise (Snake:2)
  5 merfolk javelineers
  11 merfolk impalers
  4 vault guards
  2 deep elf high priests
  4 boulder beetles
  21 naga warriors
  7 hydras
  3 merfolk avatars
  An ogre mage (D:15)
  Erica (D:11)
  4 salamander tyrants
  3 catoblepae
  10 centaur warriors
  10 two-headed ogres
  5 merfolk aquamancers (Shoals:4)
  15 anacondas
  A death knight (D:14)
  17 dancing weapons
  8 tengu warriors
  A satyr (Shoals:4)
  6 orc high priests (Orc:2)
  13 shock serpents
  4 thrashing horrors (Lair:6)
  14 naga sharpshooters
  Nergalle (Orc:1)
  7 deep elf knights
  16 sea snakes
  3 salamander mystics
  6 naga ritualists
  9 deep elf archers
  14 harpies
  24 deep elf pyromancers
  4 wizards
  An orc sorcerer (Orc:1)
  6 orc knights
  5 fauns
  13 manticores
  12 ugly things
  15 deep elf zephyrmancers
  9 mana vipers
  16 salamanders
  6 cyclopes
  18 elephants
  5 guardian serpents
  Maurice (D:13)
  41 black mambas
  2 smoke demons (Lair:6)
  4 water nymphs
  A gargoyle (D:11)
  2 torpor snails (Lair:4)
  8 merfolk sirens
  10 cane toads
  12 naga magi
  6 komodo dragons
  A yaktaur (D:13)
  An unseen horror (D:12)
  2 rime drakes (Lair:5)
  A queen bee (Lair:3)
  32 merfolk
  An ancient zyme (Lair:6)
  2 tengu conjurers (D:13)
  3 trolls
  4 meliai (D:15)
  3 polar bears
  A meliai (shapeshifter) (Lair:6)
  4 wind drakes
  17 slime creatures
  7 snapping turtles
  19 blink frogs
  3 dream sheep (Shoals:4)
  A meliai zombie (D:11)
  4 air elementals
  A spriggan (Lair:6)
  2 shadows
  13 water elementals
  A wraith (D:10)
  A centaur simulacrum (D:14)
  3 ynoxinuls (Lair:6)
  33 yaks
  2 vampires
  3 wyverns
  2 hogs (D:12)
  2 fire elementals (Elf:2)
  6 vampire mosquitoes
  7 basilisks
  A chaos spawn (Lair:6)
  Grum (D:10)
  A human (D:13)
  5 wargs
  49 nagas
  32 water moccasins
  4 floating eyes (D:14)
  6 large abominations
  43 orc warriors
  A sky beast (D:6)
  2 black bears
  An ice beast (D:8)
  A boggart (Elf:1)
  8 ogres
  22 wolves
  12 centaurs
  17 small abominations
  2 phantoms (D:6)
  13 bullfrogs
  2 kobold brigands
  4 earth elementals
  A gnoll sergeant (D:8)
  4 scorpions
  A wyvern skeleton (D:6)
  29 killer bees
  4 wights
  2 electric eels
  A vampire bat (Lair:1)
  5 howler monkeys
  5 centaur zombies
  A bullfrog zombie (D:7)
  2 hounds
  19 orc priests
  2 bullfrog skeletons
  A centaur skeleton (D:5)
  A gnoll shaman (D:2)
  12 jellies
  15 orc wizards
  A killer bee zombie (D:7)
  A howler monkey zombie (D:10)
  8 gnolls
  8 adders
  2 white imps
  4 worms
  4 dart slugs
  71 orcs
  10 bats
  22 endoplasms
  3 giant cockroaches
  3 goblins
  9 hobgoblins
  3 jackals (D:5)
  4 quokkas
  6 ball pythons
  2 frilled lizards
  36 kobolds
  4 rats
  3 tentacles (Shoals:3)
1185 creatures vanquished.

Vanquished Creatures (collateral kills)
  Saint Roka (Snake:4)
  Agnes (D:14)
  Aizul (Snake:2)
  A merfolk javelineer (Shoals:1)
  A merfolk impaler (Shoals:2)
  2 naga sharpshooters
  A naga ritualist (Snake:4)
  An orc knight (Orc:2)
  A harpy (Shoals:1)
  An ugly thing (Lair:6)
  5 fauns (Shoals:2)
  A naga mage (Snake:2)
  A merfolk siren (Lair:4)
  2 meliai (D:15)
  A tarantella (shapeshifter) (D:14)
  2 orc warriors (Snake:4)
  A large abomination (Lair:6)
  5 orc priests
  5 orcs
34 creatures vanquished.

Vanquished Creatures (others)
  An anaconda (Snake:3)
  2 shock serpents (Snake:3)
  A deep elf knight (Elf:2)
  A salamander mystic (Snake:3)
  A deep elf archer (Elf:2)
  A mana viper (Snake:3)
  A deep elf zephyrmancer (Elf:1)
  A deep elf pyromancer (Elf:2)
  An oklob plant (Gauntlet)
  A naga mage (Snake:3)
  2 nagas
  22 demonic plants (Gauntlet)
  40 fungi
  102 plants
  12 tentacles (Shoals:3)
  A withered plant (D:12)
190 creatures vanquished.

Grand Total: 1409 creatures vanquished

Notes
Turn   | Place    | Note
-------+----------+-------------------------------------------
     0 | D:1      | bearlyready the Ghoul Warper began the quest for the Orb.
     0 | D:1      | Reached XP level 1. HP: 17/17 MP: 2/2
   232 | D:1      | Reached skill level 3 in Unarmed Combat
   232 | D:1      | Reached XP level 2. HP: 22/24 MP: 3/3
   463 | D:1      | Found a faded altar of an unknown god.
   984 | D:2      | Reached skill level 4 in Unarmed Combat
   984 | D:2      | Reached XP level 3. HP: 27/29 MP: 4/4
  1452 | D:2      | Reached XP level 4. HP: 21/36 MP: 5/5
  1455 | D:2      | Learned a level 2 spell: Blink
  2299 | D:3      | Found a radiant altar of Vehumet.
  2857 | D:3      | Reached skill level 5 in Unarmed Combat
  3048 | D:2      | Reached XP level 5. HP: 32/41 MP: 6/6
  3766 | D:4      | Noticed an ogre
  3784 | D:4      | Killed an ogre
  3785 | D:4      | Reached skill level 1 in Throwing
  3785 | D:4      | Reached skill level 1 in Stealth
  3785 | D:4      | Reached skill level 6 in Unarmed Combat
  3785 | D:4      | Reached XP level 6. HP: 41/48 MP: 7/7
  4492 | D:4      | Reached XP level 7. HP: 29/55 MP: 8/8
  4641 | D:4      | Found a staircase to the Ecumenical Temple.
  4729 | Temple   | Entered the Ecumenical Temple
  4828 | Temple   | Became a worshipper of Fedhas Madash
  4879 | D:5      | Entered Level 5 of the Dungeon
  5040 | D:5      | Reached skill level 1 in Invocations
  5265 | D:5      | Reached skill level 7 in Unarmed Combat
  5348 | D:5      | Found a sparkling altar of Nemelex Xobeh.
  5350 | D:5      | Found a burning altar of Makhleb.
  5350 | D:5      | Found Niemasiss's Magic Scroll Shop.
  5388 | D:5      | Bought a scroll of teleportation for 39 gold pieces
  5388 | D:5      | Bought a scroll of identify for 26 gold pieces
  5388 | D:5      | Bought a scroll of teleportation for 39 gold pieces
  5388 | D:5      | Bought a scroll of enchant armour for 97 gold pieces
  5679 | D:5      | Identified the +0 pair of boots of Noon {+Inv rC+ rCorr
                  | Slay+3}
  5848 | D:6      | Reached skill level 5 in Stealth
  5848 | D:6      | Reached XP level 8. HP: 61/61 MP: 9/9
  5891 | D:6      | Reached * piety under Fedhas
  6189 | D:6      | Reached skill level 8 in Unarmed Combat
  6189 | D:6      | Reached skill level 1 in Evocations
  6605 | D:6      | Found Enips's Assorted Antiques.
  7133 | D:7      | Found an ornate altar of the Wu Jian Council.
  7647 | D:7      | Reached XP level 9. HP: 69/71 MP: 10/10
  7919 | D:7      | Found a bloodstained altar of Trog.
  8130 | D:8      | Reached ** piety under Fedhas
  8932 | D:8      | Reached skill level 9 in Unarmed Combat
  8939 | D:8      | Reached skill level 5 in Fighting
  9308 | D:8      | Found an opulent altar of Gozag.
  9320 | D:8      | Reached XP level 10. HP: 83/83 MP: 12/12
  9827 | D:9      | Reached skill level 10 in Unarmed Combat
  9831 | D:9      | Found a staircase to the Orcish Mines.
 10082 | D:9      | Noticed a two-headed ogre
 10119 | D:9      | Killed a two-headed ogre
 10120 | D:9      | Reached skill level 1 in Armour
 10285 | D:9      | Noticed a two-headed ogre
 10298 | D:9      | Reached skill level 1 in Shields
 10333 | D:9      | Killed a two-headed ogre
 10634 | D:9      | Reached *** piety under Fedhas
 10865 | Orc:1    | Entered Level 1 of the Orcish Mines
 10917 | D:10     | Entered Level 10 of the Dungeon
 11155 | D:10     | Reached XP level 11. HP: 82/92 MP: 13/13
 11178 | D:10     | Reached skill level 5 in Evocations
 11264 | D:10     | Noticed Grum
 11299 | D:10     | Killed Grum
 11558 | D:10     | You fall into a shaft and drop 3 floors!
 11562 | D:13     | Noticed Maurice
 11569 | D:13     | Killed Maurice
 11591 | D:13     | Noticed a deep elf knight
 11591 | D:13     | Noticed a vault guard
 11592 | D:13     | Noticed a vault guard
 11631 | D:13     | Found a gate leading to a gauntlet.
 11640 | Gauntlet | Entered a Gauntlet
 11640 | Gauntlet | Found a transporter.
 11653 | Gauntlet | Found a transporter.
 11659 | Gauntlet | Killed an oklob plant
 11664 | Gauntlet | Found a transporter.
 11669 | Gauntlet | Found a transporter.
 11683 | Gauntlet | Noticed a necromancer
 11684 | Gauntlet | Found a transporter.
 11694 | Gauntlet | Noticed a death yak
 11698 | Gauntlet | Noticed a death yak
 11700 | Gauntlet | Noticed a death yak
 11703 | Gauntlet | Found a transporter.
 11715 | Gauntlet | Found a transporter.
 11727 | Gauntlet | Found a transporter.
 11739 | Gauntlet | Found a transporter.
 11741 | Gauntlet | Noticed an obsidian statue
 11841 | Gauntlet | Noticed a worldbinder
 11873 | D:13     | Noticed a tengu warrior
 11887 | D:13     | Killed a tengu warrior
 11888 | D:13     | Reached skill level 5 in Throwing
 11888 | D:13     | Reached skill level 5 in Dodging
 11926 | D:12     | Noticed a boulder beetle
 11935 | D:12     | Killed a boulder beetle
 11990 | D:12     | Found an ancient bone altar of Kikubaaqudgha.
 12271 | D:12     | Found a flickering gateway to a bazaar.
 12278 | Bazaar   | Entered a bazaar
 12329 | Bazaar   | Found Quasuv's Book Boutique.
 12351 | Bazaar   | Found Mesayx Haige's Antique Armour Emporium.
 12372 | Bazaar   | Found Qaohipus's Weapon Boutique.
 12392 | Bazaar   | Found Tamumm's Weapon Shoppe.
 12434 | Bazaar   | Bought a polished ring mail for 162 gold pieces
 12434 | Bazaar   | Identified the +3 ring mail "Tydel" {Dex+2} (You bought it
                  | in a shop in a bazaar)
 12481 | D:12     | Identified the amulet of Byga {rC+ Regen+ Str+4}
 12500 | D:11     | Noticed a white ugly thing
 12555 | D:10     | Killed a white ugly thing
 12556 | D:10     | Reached skill level 11 in Unarmed Combat
 13150 | D:10     | Noticed a centaur warrior
 13151 | D:10     | Noticed a deep elf pyromancer
 13413 | D:11     | Noticed a two-headed ogre
 13538 | D:11     | Noticed a boulder beetle
 13551 | D:11     | Killed a boulder beetle
 13671 | D:11     | Noticed a two-headed ogre
 13683 | D:11     | Killed a two-headed ogre
 13729 | D:11     | Killed a two-headed ogre
 13729 | D:11     | Reached **** piety under Fedhas
 13730 | D:11     | Reached XP level 12. HP: 85/103 MP: 14/14
 13939 | D:11     | Noticed Erica
 13962 | D:11     | Noticed a two-headed ogre
 14130 | D:11     | Killed a two-headed ogre
 14193 | D:11     | Killed Erica
 14197 | D:11     | Found a staircase to the Lair.
 14524 | D:12     | Noticed Kirke
 14778 | D:12     | Noticed a tengu warrior
 14782 | D:12     | Noticed a tengu warrior
 14799 | D:12     | Killed a tengu warrior
 14800 | D:12     | Reached skill level 5 in Armour
 14810 | D:12     | Killed a tengu warrior
 14999 | D:12     | Killed Kirke
 15000 | D:12     | Reached skill level 5 in Shields
 15193 | D:13     | Noticed a centaur warrior
 15214 | D:13     | Killed a centaur warrior
 15589 | D:13     | Reached XP level 13. HP: 108/111 MP: 15/15
 15662 | D:13     | Killed a vault guard
 15662 | D:13     | Reached ***** piety under Fedhas
 15663 | D:13     | Reached skill level 12 in Unarmed Combat
 15665 | D:13     | Noticed a vault guard
 15752 | D:13     | Killed a vault guard
 15837 | D:13     | Killed a vault guard
 16008 | D:13     | Found a gate to the Vaults.
 16008 | D:13     | Noticed a vault guard
 16008 | D:13     | Noticed a vault guard
 16071 | D:12     | Killed a vault guard
 16072 | D:12     | Reached skill level 10 in Fighting
 16125 | Lair:1   | Entered Level 1 of the Lair of Beasts
 16705 | Lair:2   | Reached skill level 5 in Invocations
 17614 | Lair:3   | Found a staircase to the Snake Pit.
 17891 | Lair:3   | Reached skill level 13 in Unarmed Combat
 18154 | Lair:3   | Reached ****** piety under Fedhas
 18394 | Lair:3   | Reached XP level 14. HP: 112/121 MP: 18/18
 18582 | Snake:1  | Entered Level 1 of the Snake Pit
 18874 | Lair:4   | Found a staircase to the Shoals.
 19080 | Lair:4   | Found a runed translucent door.
 19841 | Lair:5   | Found a staircase to the Slime Pits.
 20234 | Lair:5   | Reached skill level 14 in Unarmed Combat
 20634 | Lair:6   | Entered Level 6 of the Lair of Beasts
 20960 | Lair:6   | Found the +2 shield of Resistance {rF++ rC++ Will++}
 21248 | Lair:6   | Reached skill level 10 in Invocations
 21863 | Lair:6   | Reached skill level 10 in Dodging
 21989 | Lair:6   | Reached XP level 15. HP: 115/126 MP: 21/21
 22020 | Lair:6   | Reached skill level 15 in Unarmed Combat
 22063 | Lair:6   | Found a corrupted altar of Lugonu.
 22063 | Lair:6   | Found a one-way gate to the infinite horrors of the Abyss.
 22731 | Orc:2    | Entered Level 2 of the Orcish Mines
 23863 | Orc:2    | Found a staircase to the Elven Halls.
 24016 | Orc:2    | Found Hosimac's Magic Scroll Shoppe.
 24016 | Orc:2    | Found Nasaog's Assorted Antiques.
 24017 | Orc:2    | Found Woitsosm's Magic Scroll Emporium.
 24017 | Orc:2    | Found Heseot's Armour Shoppe.
 24024 | Orc:2    | Bought a scroll of torment for 97 gold pieces
 24024 | Orc:2    | Bought a scroll of enchant armour for 97 gold pieces
 24024 | Orc:2    | Bought a scroll of teleportation for 39 gold pieces
 24024 | Orc:2    | Bought a scroll of fog for 26 gold pieces
 24028 | Orc:2    | Bought a wavering steel amulet for 115 gold pieces
 24028 | Orc:2    | Identified the amulet "Kicve" {Reflect Dex+6 SH+5} (You
                  | bought it in a shop on level 2 of the Orcish Mines)
 24028 | Orc:2    | Bought a scroll of magic mapping for 80 gold pieces
 24028 | Orc:2    | Bought a scroll of fear for 80 gold pieces
 24028 | Orc:2    | Bought a scroll of fog for 46 gold pieces
 24028 | Orc:2    | Bought a potion of might for 92 gold pieces
 24042 | Orc:2    | Bought 3 scrolls of teleportation for 126 gold pieces
 24042 | Orc:2    | Bought a scroll of teleportation for 42 gold pieces
 24042 | Orc:2    | Bought a scroll of teleportation for 42 gold pieces
 24042 | Orc:2    | Bought a scroll of blinking for 105 gold pieces
 24042 | Orc:2    | Bought a scroll of teleportation for 42 gold pieces
 24169 | Orc:1    | Noticed Nergalle
 24181 | Orc:1    | Killed Nergalle
 24335 | Orc:1    | Noticed Jorgrun
 24596 | Orc:1    | Killed Jorgrun
 25152 | D:14     | Found a stormy altar of Qazlal.
 25392 | D:14     | Paralysed by a floating eye for 4 turns
 25727 | D:14     | Reached skill level 16 in Unarmed Combat
 25894 | D:14     | Paralysed by a floating eye for 2 turns
 25949 | D:14     | Reached XP level 16. HP: 121/134 MP: 22/22
 26074 | D:14     | Noticed Agnes
 26096 | D:14     | Killed Agnes
 26102 | D:15     | Entered Level 15 of the Dungeon
 26652 | D:14     | Identified a scroll of acquirement
 26653 | D:14     | Acquired 591 gold pieces
 26713 | D:14     | Identified the +1 scale mail of Amelioration {rPois rN+++
                  | Dex+3}
 28385 | D:15     | Found a staircase to the Depths.
 30124 | Snake:1  | Reached skill level 17 in Unarmed Combat
 31310 | Snake:2  | Noticed Louise
 31335 | Snake:2  | Killed Louise
 31756 | Snake:2  | Noticed Aizul
 31813 | Snake:3  | Found a flickering gateway to a bazaar.
 31820 | Bazaar   | Entered a bazaar
 31944 | Bazaar   | Found Lasaiz's Antique Armour Boutique.
 31952 | Bazaar   | Found Xefug's Distillery.
 31960 | Bazaar   | Bought a potion of heal wounds for 50 gold pieces
 31960 | Bazaar   | Bought a potion of curing for 30 gold pieces
 31960 | Bazaar   | Bought a potion of curing for 30 gold pieces
 31960 | Bazaar   | Bought a potion of curing for 30 gold pieces
 31961 | Bazaar   | Found Zuneashu's General Store.
 31966 | Bazaar   | Found Riugin's General Store.
 31968 | Bazaar   | Bought a scroll of teleportation for 36 gold pieces
 31975 | Bazaar   | Bought a scroll of identify for 24 gold pieces
 32126 | Snake:3  | Reached XP level 17. HP: 106/148 MP: 23/23
 32337 | Snake:2  | Found an ornate altar of the Wu Jian Council.
 32771 | Snake:2  | Killed Aizul
 34389 | Snake:3  | Reached skill level 18 in Unarmed Combat
 34778 | Snake:3  | Reached skill level 10 in Shields
 36253 | Snake:4  | Entered Level 4 of the Snake Pit
 36711 | Snake:4  | Noticed Vashnia
 37490 | Snake:3  | Reached skill level 19 in Unarmed Combat
 37662 | Snake:4  | Reached XP level 18. HP: 138/157 MP: 24/24
 38624 | Snake:4  | Killed Vashnia
 39603 | Snake:4  | Reached skill level 20 in Unarmed Combat
 40387 | Snake:4  | Noticed Saint Roka
 40408 | Snake:4  | HP: 7/157 [Saint Roka (12)]
 40418 | Snake:4  | Noticed Donald
 41033 | Snake:4  | Killed Donald
 41103 | Snake:4  | Killed Saint Roka
 41520 | Snake:4  | Got a serpentine rune of Zot
 41720 | Shoals:1 | Entered Level 1 of the Shoals
 42441 | Shoals:1 | Found Mittir's Island Escapes.
 42814 | Shoals:2 | Noticed Frances
 42824 | Shoals:2 | Killed Frances
 42825 | Shoals:2 | Reached XP level 19. HP: 147/163 MP: 21/27
 44125 | Shoals:3 | Noticed Ilsuiw
 44438 | Shoals:2 | Killed Ilsuiw
 45832 | Shoals:4 | Entered Level 4 of the Shoals
 45964 | Shoals:4 | Reached skill level 21 in Unarmed Combat
 46307 | Shoals:3 | HP: 7/163 [merfolk javelineer/silver javelin (22)]
 46307 | Shoals:3 | HP: 3/163 [merfolk javelineer/silver javelin (4)]
 46964 | Shoals:4 | Identified the ring "Naehuk" {rPois rC- Dex+3 SInv}
 49118 | Shoals:4 | Got a barnacled rune of Zot
 49567 | Elf:1    | Entered Level 1 of the Elven Halls
 50108 | Elf:1    | Paralysed by an air elemental for 1 turns
 50589 | Elf:1    | Found Xufeghy's Magic Scroll Boutique.
 50599 | Elf:1    | Found Ympaq's Assorted Antiques.
 50632 | Elf:1    | Bought a scroll of teleportation for 51 gold pieces
 50632 | Elf:1    | Bought a scroll of blinking for 127 gold pieces
 50632 | Elf:1    | Bought a scroll of teleportation for 51 gold pieces
 50632 | Elf:1    | Bought a scroll of blinking for 127 gold pieces
 50632 | Elf:1    | Bought a scroll of blinking for 127 gold pieces
 50840 | Elf:1    | Bought a scroll of teleportation for 69 gold pieces
 50840 | Elf:1    | Bought a wand of iceblast (6) for 92 gold pieces
 50902 | Elf:1    | Reached XP level 20. HP: 174/174 MP: 29/29
 52274 | Elf:2    | Identified the +7 short sword of the Rat {flame, rElec
                  | Will+ Dex+2 SInv}
 52274 | Elf:2    | Identified the +1 ring mail of Relativism {SInv}
 52406 | Elf:2    | Reached skill level 15 in Fighting
 52434 | Elf:2    | Reached skill level 15 in Invocations
 52596 | Elf:2    | Found a runed translucent gate.
 52597 | Elf:2    | Found a runed translucent gate.
 52597 | Elf:2    | Found a runed translucent gate.
 52808 | Elf:2    | Reached skill level 22 in Unarmed Combat
 52828 | Elf:2    | Slain by a +2 vorpal halberd

Illustrated notes

Levels and vault maps discovered:
D:1:      sevenhm_arrival_forest_fort_large_2, layout_loops_cross,
          dreamdust_ecumenical_altar_angels_and_demons,
          chequers_serial_rivers_micro_c
D:2:      minmay_diamond_boxcup, layout_basic
D:3:      layout_basic, nicolae_vehumet_altar_sigil, serial_co_window_serial,
          co_window_corner_a, co_window_paths_b, co_window_corner_a,
          co_window_of_opportunity_a, co_window_corner_a, co_window_cross_1,
          co_window_paths_a, co_window_broadway_a, co_window_of_opportunity_c,
          co_window_corner_cb, co_window_of_opportunity_b, co_window_broadway_c,
          co_window_unsneaky_path_e
D:4:      layout_basic, temple_pool_b, serial_bayou_pond_d,
          minmay_manual_monstrance
D:5:      layout_basic, jmf_multi_god_temple, serial_shops,
          nicolae_shop_crystal, feat_on_display
D:6:      kennysheep_kobold_camp, layout_basic, serial_shops, shop
D:7:      layout_rooms, trog_book, nzn_wu_jian_contemplation
D:8:      lemuel_slime, layout_rooms, nicolae_gozag_seed_capital,
          nzn_life_drinkers
D:9:      layout_grid_maze, david_orc_3, minmay_misc_feat_four_crosses
D:10:     layout_basic, lightli_corner_chamber, uniq_grum
D:11:     layout_basic, grunt_lair_entry_orc_guard_hut, uniq_erica
D:12:     layout_rooms, serial_shops, bzr_entry_safe, kiku_gazebo_garden_becter,
          uniq_kirke
D:13:     layout_roguey, grunt_vaults_entry_fortified, gauntlet_entry_generic,
          uniq_maurice
D:14:     layout_irregular_city, nicolae_qazlal_scattered_showers,
          onia_ninara_cookie, uniq_agnes
D:15:     hangedman_depths_entry_try_elsewhere_first, layout_irregular_city,
          hangedman_decor_points, hex_tiny
Temple:   lightli_temple_of_artemis
Lair:1:   layout_big_grid, roderic_batcave, lemuel_fruit_tree
Lair:2:   layout_regular_city, minmay_lair_oklob_chamber, grunt_megastairs_1
Lair:3:   layout_cellular_growth, minmay_snake_entry_six_corridors, special_room
          [special_room_bee], beast_lair_carwin_1, infiniplex_staircase_pool
Lair:4:   layout_gridlike, elwin_shoals_entry_stream, pf_torpor_hydra
Lair:5:   layout_cave_pods, nicolae_slime_entry_slimehenge
Lair:6:   hellmonk_lair_end_abyssal_woods, layout_cave_pods,
          gammafunk_lair_bear_cave
Shoals:1: layout_shoals, nicolae_island_escapes
Shoals:2: layout_shoals, uniq_frances
Shoals:3: nicolae_shoals_lighthouse, layout_shoals, uniq_ilsuiw
Shoals:4: shoals_end_grunt_ice, layout_shoals, shoal_ilsuiw
Snake:1:  layout_concentric_octagons, basic_altar, serial_bayou_shore_b
Snake:2:  layout_layer_cave, basic_altar, uniq_aizul, uniq_louise
Snake:3:  layout_chambers, serial_shops, freezing_bzr, drop_trap, st_stairs_7,
          serial_bayou_ford_a, nrook_loot_triangle, nicolae_snake_shapes
Snake:4:  minmay_snake_end_coiled, layout_rooms, grunt_megastairs_2,
          uniq_donald, uniq_saint_roka, uniq_vashnia
Orc:1:    layout_caves, uniq_nergalle, uniq_jorgrun
Orc:2:    st_orc_pillars, layout_caves
Elf:1:    minmay_elf_arrival_circle, layout_loops_ring, hangedman_elf_disciples,
          minmay_shoptagon
Elf:2:    nicolae_elf_blades_crystal_corner, layout_loops_cross, laboratory

Skill      XL: |  1  2  3  4  5  6  7  8  9 10 11 12 13 14 15 16 17 18 19 20 |
---------------+-------------------------------------------------------------+-----
Unarmed Combat | 3 4 5 6 7 8 9 10 11 13 14 16 17 19 20 21 22 | 22.0
Translocations | 3 |  3.0
Throwing       | 1 2 3 4 5 6 7 8 |  8.0
Stealth        | 1 3 5 6 7 9 |  9.0
Invocations    | 1 2 4 7 10 12 14 15 | 15.1
Evocations     | 2 4 5 6 7 8 |  8.1
Fighting       | 3 6 7 8 9 10 12 13 14 15 | 15.1
Armour         | 2 4 5 6 7 |  7.0
Dodging        | 4 6 8 9 10 12 | 12.0
Shields        | 2 4 5 6 9 11 | 11.0
Spellcasting   | |  1.7

Action                   |  1- 3 |  4- 6 |  7- 9 | 10-12 | 13-15 | 16-18 | 19-21 || total
-------------------------+-------+-------+-------+-------+-------+-------+-------++-------
Melee: Unarmed           |    90 |   173 |   351 |   528 |  1405 |  1329 |   893 ||  4769
       Punch             |     1 |     4 |     9 |       |       |       |       ||    14
Throw: Dart              |       |     7 |    22 |   100 |    78 |    15 |     2 ||   224
       Boomerang         |       |     2 |     3 |    34 |    15 |   212 |    93 ||   359
       Throwing net      |       |       |       |       |     1 |       |     1 ||     2
Invok: Wall of Briars    |       |       |       |     3 |     1 |       |       ||     4
       Grow Oklob        |       |       |       |       |     2 |     7 |       ||     9
Evoke: Wand              |       |       |       |    22 |    28 |    35 |    56 ||   141
       Phantom mirror    |       |       |       |       |       |     3 |     1 ||     4
  Use: Scroll            |       |     1 |    14 |    12 |     8 |    19 |     2 ||    56
       Potion            |       |       |     1 |     1 |       |     2 |     3 ||     7
 Stab: Sleeping          |       |       |     2 |     5 |    26 |    22 |    11 ||    66
       Distracted        |       |       |       |     1 |     6 |     5 |     5 ||    17
       Petrified         |       |       |       |       |     1 |       |       ||     1
       Paralysed         |       |       |       |       |     2 |     1 |       ||     3
Armor: Leather armour    |     9 |     1 |       |       |       |       |       ||    10
       Ring mail         |       |    46 |   192 |   166 |   308 |       |       ||   712
       Shadow dragon sca |       |       |       |       |   135 |   398 |   225 ||   758
Dodge: Dodged            |    44 |    82 |   189 |   193 |   871 |   402 |   286 ||  2067
Block: Kite shield       |       |       |    18 |   260 |   466 |  1416 |   856 ||  3016
       Buckler           |       |       |       |    28 |   406 |       |       ||   434
       Reflection        |       |       |       |       |    24 |   223 |    64 ||   311
